 Dungeon Crawl Stone Soup version 0.29.1-15-g9cfb28693d (webtiles) character file.

Game seed: 11573899821420338574

161647 GeoRichter the Fighter (level 17, -21/138 (140) HPs)
             Began as a Demonspawn Monk on Feb 28, 2023.
             Was the Champion of Makhleb.
             Demolished by a wolf spider simulacrum (32 damage)
             ... on level 1 of the Spider Nest.
             The game lasted 01:02:30 (25253 turns).

GeoRichter the Fighter (Demonspawn Monk)           Turns: 25253, Time: 01:02:31

HP:   -21/138 (140) AC: 24    Str: 17      XL:     17   Next: 20%
MP:   26/26         EV:  8    Int: 14 (15) God:    Makhleb [******]
Gold: 1319          SH: 12    Dex: 14 (15) Spells: 16/16 levels left

rFire   . . .      SeeInvis .   x - +5 demon trident of the Witching Queen {freeze, Drain rElec Stlth+}
rCold   . . .      Faith    .   F - +0 kite shield
rNeg    + + .      Spirit   .   I - +1 plate armour {rPois}
rPois   +          Reflect  .   Q - +2 hat {Will+}
rElec   +          Harm     .   r - +0 cloak
rCorr   .          Rampage  .   B - +0 pair of gloves
Will    +++++      Clarity  +   o - +0 pair of boots
Stlth   ..........              Z - amulet of the Four Winds {rN+ Will+++ Clar}
HPRegen 0.33/turn               g - ring of positive energy
MPRegen 0.20/turn               P - +4 ring of slaying

@: lightly drained
A: claws 2, thin metallic scales 2, spiny 2, demonic magic 3
a: Renounce Religion, Minor Destruction, Lesser Servant of Makhleb, Major
Destruction, Greater Servant of Makhleb


You were on level 1 of the Spider Nest.
You worshipped Makhleb.
Makhleb was exalted by your worship.
You visited 4 branches of the dungeon, and saw 24 of its levels.
You also visited: Gauntlet and Ice Cave.

You collected 2620 gold pieces.
You spent 1301 gold pieces at shops.

Inventory:

Hand Weapons
 x - the +5 demon trident of the Witching Queen (weapon) {freeze, Drain rElec Stlth+}
   (You acquired it on level 5 of the Dungeon)

   It freezes those it strikes, dealing additional cold damage.
   It can also slow down cold-blooded creatures.
   rElec:     It insulates you from electricity.
   Drain:     It drains your maximum health when unequipped.
   Stlth:     It makes you more stealthy.
 y - a +0 bardiche
   (You found it on level 3 of the Dungeon)
Missiles
 k - 8 curare-tipped darts {!f}
 X - 5 silver javelins
Armour
 a - +0 fire dragon scales
   (You found it in a Gauntlet)
 o - a +0 pair of boots (worn)
   (You found it on level 2 of the Dungeon)
 r - a +0 cloak (worn)
   (You found it on level 3 of the Dungeon)
 B - a +0 pair of gloves (worn)
   (You found it on level 5 of the Dungeon)
 F - a +0 kite shield (worn)
   (You found it on level 6 of the Dungeon)
 I - a +1 plate armour of poison resistance (worn)
   (You took it off a vault guard on level 14 of the Dungeon)
 J - the +4 ring mail of Chimes {rC+ Dex+3 Stlth+}
   (You found it on level 2 of the Lair of Beasts)

   Dex:       It affects your dexterity (+3).
   rC:        It protects you from cold.
   Stlth:     It makes you more stealthy.
 Q - a +2 hat of willpower (worn)
   (You took it off Gastronok on level 11 of the Dungeon)
Jewellery
 f - the ring "Vycitwyv" {Ice rN+ Int+3}
   (You found it in a Gauntlet)

   [ring of ice]

   It enhances your ice magic.
   Int:       It affects your intelligence (+3).
   rF:        It makes you vulnerable to fire.
   rC:        It protects you from cold.
   rN:        It protects you from negative energy.
 g - a ring of positive energy (left hand)
   (You found it on level 1 of the Dungeon)
 h - an amulet of regeneration
   (You acquired it on level 3 of the Dungeon)
 P - a +4 ring of slaying (right hand)
   (You found it on level 3 of the Lair of Beasts)
 Z - the amulet of the Four Winds (around neck) {rN+ Will+++ Clar}
   (You found it in a Gauntlet)

   [amulet of nothing]

   rN:        It protects you from negative energy.
   Clar:      It protects you against confusion.
   Will:      It greatly increases your willpower.
Wands
 n - a wand of flame (55)
   (You took it off Natasha on level 2 of the Dungeon)
 G - a wand of polymorph (4)
   (You found it on level 12 of the Dungeon)
 H - a wand of charming (11)
   (You found it on level 1 of the Lair of Beasts)
 O - a wand of mindburst (11)
   (You found it on level 3 of the Lair of Beasts)
 U - a wand of digging (5)
   (You found it on level 12 of the Dungeon)
Scrolls
 b - 8 scrolls of teleportation {@r4}
 d - 2 scrolls of vulnerability {!r}
 e - 2 scrolls of summoning
 m - 5 scrolls of fog
 p - 2 scrolls of silence
 q - 2 scrolls of poison {!r}
 t - 3 scrolls of enchant armour
 v - 3 scrolls of blinking
 w - 9 scrolls of magic mapping
 A - 2 scrolls of torment {!r}
 D - 3 scrolls of brand weapon
 K - 4 scrolls of amnesia
 N - 2 scrolls of enchant weapon
 S - 6 scrolls of immolation {!r}
Potions
 c - 2 potions of ambrosia
 i - 9 potions of might
 j - 2 potions of lignification {!q}
 l - 7 potions of curing {@q1}
 s - 2 potions of mutation {!q}
 u - 2 potions of cancellation
 z - a potion of berserk rage
 C - 2 potions of haste {@q3}
 L - 5 potions of flight
 R - 2 potions of brilliance
 T - 4 potions of invisibility
Miscellaneous
 E - a phantom mirror
   (You bought it in a shop on level 2 of the Orcish Mines)


   Skills:
 * Level 14.6 Fighting
 - Level 14.0 Polearms
 + Level 10.1 Armour
 + Level 10.1 Dodging
 - Level 3.0 Stealth
 * Level 11.9 Shields
 + Level 12.3 Invocations
 - Level 5.0 Evocations


You had 16 spell levels left.
You didn't know any spells.
Your spell library contained the following spells:

 Spells                   Type           Power      Damage    Failure   Level
 Slow                     Hex            0%         N/A       100%        1
 Sting                    Tmut/Pois      0%         1d3       100%        1
 Passwall                 Tmut/Erth      0%         N/A       100%        2
 Static Discharge         Conj/Air       0%         3-3/arc   100%        2
 Sublimation of Blood     Necr           0%         N/A       100%        2
 Wereblood                Tmut           0%         N/A       100%        2
 Confusing Touch          Hex            0%         N/A       100%        3
 Conjure Flame            Conj/Fire      0%         6-21      100%        3
 Ignite Poison            Fire/Tmut/Pois 0%         N/A       100%        3
 Vampiric Draining        Necr           0%         2d6       100%        3
 Corpse Rot               Necr/Pois/Air  0%         N/A       100%        4
 Dispel Undead            Necr           0%         3d6       100%        4
 Hailstorm                Conj/Ice       0%         3d3       100%        4
 Ice Form                 Ice/Tmut       0%         N/A       100%        4
 Iskenderun's Mystic Bla  Conj/Tloc      0%         2d3       100%        4
 Olgreb's Toxic Radiance  Pois           0%         N/A       100%        4
 Petrify                  Tmut/Erth      0%         N/A       100%        4
 Sticky Flame             Conj/Fire      0%         2d3       100%        4
 Alistair's Intoxication  Tmut/Pois      0%         N/A       100%        5
 Blade Hands              Tmut           0%         N/A       100%        5
 Irradiate                Conj/Tmut      0%         3d11      100%        5
 Manifold Assault         Tloc           0%         N/A       100%        5
 Death Channel            Necr           0%         N/A       100%        6
 Simulacrum               Ice/Necr       0%         N/A       100%        6
 Statue Form              Tmut/Erth      0%         N/A       100%        6
 Dragon Form              Tmut           0%         N/A       100%        7
 Ozocubu's Refrigeration  Ice            0%         4d7       100%        7
 Ignition                 Fire           0%         3d3       100%        8


Dungeon Overview and Level Annotations

Branches:
Dungeon (15/15) Zot: 25419  Temple (0/1) D:6            Lair (5/5) D:8 Zot: 25346
 Shoals (0/4) Lair:2       Spider (2/4) Lair:3 Zot: 10248   Slime (0/5) Lair:4
    Orc (2/2) D:11 Zot: 9467     Elf (0/3) Orc:2        Vaults (0/5) D:14
 Depths (0/4) D:15          IceCv (visited)         Gauntlet (visited)

Altars:
Fedhas
Gozag
Hepliaklqana
Makhleb
Sif Muna
Uskayaw
Jiyva

Shops:
D:5 *   D:8 *   D:14 *   Orc:1 (   Orc:2 *?[:

Portals:
Pandemonium: Orc:2

Annotations:
D:7 1 runed translucent door, unrecovered's ghost, novice OgGl
D:8 2 transporters, Ijustatesigmund's ghost, novice DECj
D:9 3 runed translucent doors, destino's ghost, novice KoEn; raetorn's ghost, novice OpHW
Lair:3 exclusion: oklob plant
Orc:1 1 runed translucent door, Honoiw's ghost, journeyman MfGl


Innate Abilities, Weirdness & Mutations

You have very sharp fingernails.
You are mostly covered in thin metallic scales. (AC +3)
You are mostly covered in sharp spines.
Spells you cast and wands you use may paralyse nearby enemies.


Message History

The wolf spider hits you!
* * * LOW HITPOINT WARNING * * *
You block the wolf spider's attack. The wolf spider closely misses you.
The wolf spider bites you but does no damage.
You block the wolf spider's attack.
The wolf spider bites you but does no damage.
The wolf spider hits you!
* * * LOW HITPOINT WARNING * * *
The wolf spider barely misses you.
Okay, then.
You impale the wolf spider!! You freeze the wolf spider!
The wolf spider is struck by your spines.
The wolf spider hits you!
* * * LOW HITPOINT WARNING * * *
The wolf spider bites you but does no damage.
You puncture the wolf spider! You freeze the wolf spider.
You kill the wolf spider!
Makhleb accepts your kill.
A freezing mist starts to gather...
A wolf spider simulacrum comes into view.
You are too injured to fight recklessly!
Reach: x) +5 demon trident of the Witching Queen {freeze, Drain rElec Stlth+}
Aim: a wolf spider simulacrum (about 13% to evade the +5 demon trident of the Witching Queen)
You reach to attack!
You hit the wolf spider simulacrum but do no damage.
Reach: x) +5 demon trident of the Witching Queen {freeze, Drain rElec Stlth+}
Aim: a wolf spider simulacrum (about 13% to evade the +5 demon trident of the Witching Queen)
You reach to attack!
You puncture the wolf spider simulacrum!
Reach: x) +5 demon trident of the Witching Queen {freeze, Drain rElec Stlth+}
Aim: a wolf spider simulacrum (heavily damaged, about 13% to evade the +5 demon trident of the Witching Queen)
You barely miss the wolf spider simulacrum.
The wolf spider simulacrum hits you but does no damage.
You block the wolf spider simulacrum's attack.
Reach: x) +5 demon trident of the Witching Queen {freeze, Drain rElec Stlth+}
Aim: a wolf spider simulacrum (heavily damaged, about 13% to evade the +5 demon trident of the Witching Queen)
You puncture the wolf spider simulacrum!
The wolf spider simulacrum hits you!
* * * LOW HITPOINT WARNING * * *
The wolf spider simulacrum freezes you!
* * * LOW HITPOINT WARNING * * *
You block the wolf spider simulacrum's attack.
Reach: x) +5 demon trident of the Witching Queen {freeze, Drain rElec Stlth+}
Aim: a wolf spider simulacrum (almost destroyed, about 13% to evade the +5 demon trident of the Witching Queen)
You barely miss the wolf spider simulacrum.
The wolf spider simulacrum hits you.
* * * LOW HITPOINT WARNING * * *
The wolf spider simulacrum freezes you!!
You die...

#####.........##....##
#....^........#....###
##.....####....#......#
#..^.#......>..#......## #
##...#.........#...##..# #
##..##......#.#...#...# #
###..#.)......#...#...## ###
#....###..........##...# #..
##......##..}..@Z#..##..# #..
#........#.......#..#..## ###
##...#..###......#..#..########.
######...##....(...#...#....^##
#....###.....##..^#..#...#
#(...#......##....#.....##
##...#......#...###...####
#.........<#...........##
#.......................#


You could see a wolf spider simulacrum.

Vanquished Creatures
  Mlioglotl (Spider:1)
  Gastronok (D:11)
  Roxanne (D:15)
  An azure jelly (IceCv)
  A ghost moth (Spider:1)
  A quicksilver ooze (IceCv)
  An entropy weaver (Spider:1)
  A dire elephant (Gauntlet)
  A minotaur (Gauntlet)
  Azrael (D:15)
  Josephine (Orc:2)
  2 ettins
  7 vault guards
  Erolcha (D:11)
  12 hydras
  2 jorogumos (Spider:1)
  2 catoblepae
  A radroach (Lair:3)
  A merfolk avatar (Lair:5)
  3 boulder beetles
  2 demonspawn (Orc:2)
  5 two-headed ogres
  A large abomination (Gauntlet)
  A tengu warrior (D:14)
  4 centaur warriors
  7 orc high priests (Orc:2)
  A pharaoh ant (Spider:1)
  Sonja (D:11)
  A sixfirhy (Orc:2)
  A sea snake (IceCv)
  3 skeletal warriors (D:13)
  2 deep trolls (D:15)
  4 steelbarb worms
  A wizard (D:15)
  An orb spider (Spider:1)
  2 harpies
  3 orc knights (Orc:2)
  A deep elf pyromancer (D:14)
  3 wolf spiders (Spider:1)
  A necromancer (D:15)
  A shining eye (IceCv)
  8 ugly things
  5 orc sorcerers (Orc:2)
  8 cyclopes
  6 manticores
  A merfolk siren (Lair:2)
  4 black mambas
  5 elephants
  2 gargoyles
  A rust devil (Orc:2)
  An ice statue (IceCv)
  9 cane toads
  A torpor snail (Spider:1)
  A yaktaur (D:15)
  4 kobold demonologists
  7 komodo dragons
  5 rime drakes
  An efreet (D:14)
  A tengu conjurer (D:15)
  A hellwing (Orc:2)
  3 polar bears (Lair:5)
  7 trolls
  6 tarantellas
  13 slime creatures (IceCv)
  2 hornets
  28 blink frogs
  A snapping turtle (Lair:5)
  Grinder (D:3)
  A shadow (D:10)
  2 centaur simulacra (Gauntlet)
  A culicivora (shapeshifter) (D:14)
  6 jumping spiders (Spider:1)
  9 culicivoras
  Sigmund (D:3)
  3 wraiths (Orc:2)
  Eustachio (D:6)
  28 yaks
  9 wyverns
  3 basilisks
  5 fire elementals (D:15)
  5 humans (D:7)
  2 steam dragons
  11 vampire mosquitoes
  14 redbacks
  Menkaure (D:6)
  3 wargs (Orc:2)
  15 water moccasins
  3 acid dragons
  2 hell hounds (D:15)
  2 ice beasts
  29 orc warriors
  A meliai simulacrum (Gauntlet)
  7 ogres
  5 great orb of eyes simulacra (IceCv)
  3 black bears
  3 wolves
  8 centaurs
  2 slime creature simulacra (IceCv)
  4 kobold brigands
  6 bullfrogs
  3 glowing shapeshifter simulacra (IceCv)
  A cane toad simulacrum (Gauntlet)
  8 wights
  10 killer bees
  4 howler monkeys
  A jelly (D:8)
  A gnoll bouda (D:4)
  27 orc priests
  5 hounds
  6 iguanas
  14 orc wizards
  Natasha (thrice) (D:2)
  2 polar bear simulacra (D:15)
  2 shapeshifter simulacra (IceCv)
  6 yak simulacra (D:15)
  6 small abominations (Gauntlet)
  4 gnolls (D:4)
  8 adders
  A shadow imp (D:8)
  2 white imps
  An ufetubus (D:5)
  3 dart slugs
  56 orcs
  14 ball pythons
  A bat (D:3)
  7 endoplasms
  2 giant cockroaches
  2 hobgoblins
  5 jackals
  A frilled lizard (D:1)
  11 goblins
  13 kobolds
  5 rats
  3 river rat simulacra (D:15)
653 creatures vanquished.

Vanquished Creatures (collateral kills)
  A vault guard (D:14)
  An ogre mage (Orc:2)
  2 two-headed ogres
  A harpy (Lair:5)
  A wolf spider (Spider:1)
  An ugly thing (D:15)
  A cyclops (Orc:2)
  A manticore (Lair:5)
  A cane toad (Lair:2)
  A kobold demonologist (D:12)
  3 blink frogs (Lair:3)
  2 slime creatures (IceCv)
  2 jumping spiders (Spider:1)
  3 culicivoras (Spider:1)
  A shadow (D:10)
  A redback (Spider:1)
  A steam dragon (Lair:5)
  An orc warrior (Orc:2)
  An ogre (Orc:2)
  2 orcs (Orc:2)
28 creatures vanquished.

Vanquished Creatures (others)
  An orc knight (Orc:2)
  An ogre (Orc:2)
  A slime creature simulacrum (IceCv)
  2 orc priests (Orc:2)
  An orc wizard (D:11)
  A shapeshifter simulacrum (IceCv)
  An orc (Orc:2)
  17 fungi
  51 plants
76 creatures vanquished.

Grand Total: 757 creatures vanquished

Notes
Turn   | Place    | Note
-------+----------+-------------------------------------------
     0 | D:1      | GeoRichter the Demonspawn Monk began the quest for the Orb.
     0 | D:1      | Reached XP level 1. HP: 18/18 MP: 1/1
   210 | D:1      | Gained mutation: You are partially covered in thin metallic
                  | scales. (AC +2) [demonic ancestry]
   210 | D:1      | Reached XP level 2. HP: 20/24 MP: 2/2
   702 | D:1      | Found a faded altar of an unknown god.
   837 | D:2      | Noticed Natasha
   850 | D:2      | Killed Natasha
   851 | D:2      | Reached XP level 3. HP: 7/29 MP: 3/3
  1322 | D:2      | Noticed Natasha
  1400 | D:2      | Killed Natasha
  1401 | D:2      | Gained mutation: Spells you cast may paralyse adjacent
                  | enemies. [demonic ancestry]
  1401 | D:2      | Reached XP level 4. HP: 34/35 MP: 4/4
  1667 | D:2      | Noticed Natasha
  1845 | D:2      | Killed Natasha
  2686 | D:3      | Reached XP level 5. HP: 42/42 MP: 5/5
  2692 | D:3      | Noticed an orc warrior
  2705 | D:3      | Reached skill level 1 in Evocations
  2795 | D:3      | Noticed Grinder
  2836 | D:3      | Identified a scroll of acquirement
  2838 | D:3      | Acquired an amulet of regeneration
  2860 | D:3      | Noticed Sigmund
  3153 | D:4      | You fall into a shaft and drop 3 floors!
  3265 | D:5      | Entered Level 5 of the Dungeon
  3274 | D:5      | Found Aqe Det's General Store.
  3282 | D:5      | Noticed a centaur
  3290 | D:5      | Killed a centaur
  3291 | D:5      | Gained mutation: You are partially covered in sharp spines.
                  | [demonic ancestry]
  3291 | D:5      | Reached XP level 6. HP: 46/48 MP: 6/6
  3294 | D:5      | Reached skill level 5 in Polearms
  3298 | D:5      | Bought a scroll of identify for 28 gold pieces
  3298 | D:5      | Bought a scroll of teleportation for 42 gold pieces
  3411 | D:4      | Gained mutation: You are mostly covered in sharp spines.
                  | [demonic ancestry]
  3411 | D:4      | Reached XP level 7. HP: 55/55 MP: 7/7
  3465 | D:4      | Reached skill level 5 in Fighting
  3471 | D:4      | Found a burning altar of Makhleb.
  3495 | D:4      | Became a worshipper of Makhleb the Destroyer
  3495 | D:4      | Reached * piety under Makhleb
  3495 | D:4      | Reached ** piety under Makhleb
  3941 | D:3      | Killed Sigmund
  4190 | D:3      | Killed Grinder
  4191 | D:3      | Gained mutation: You are mostly covered in thin metallic
                  | scales. (AC +3) [demonic ancestry]
  4191 | D:3      | Reached XP level 8. HP: 64/64 MP: 8/10
  4435 | D:5      | Acquired the +5 demon trident of the Witching Queen
                  | {freeze, Drain rElec Stlth+}
  4947 | D:6      | Found a shimmering blue altar of Sif Muna.
  5012 | D:6      | Found a staircase to the Ecumenical Temple.
  5034 | D:6      | Noticed Eustachio
  5049 | D:6      | Killed Eustachio
  5186 | D:6      | Noticed Menkaure
  5195 | D:6      | Killed Menkaure
  5229 | D:6      | Found a blossoming altar of Fedhas.
  5501 | D:7      | Reached XP level 9. HP: 59/71 MP: 12/12
  5544 | D:7      | Found a runed translucent door.
  5544 | D:7      | Noticed unrecovered's ghost (novice OgGl)
  5826 | D:7      | Reached *** piety under Makhleb
  5919 | D:7      | Reached skill level 10 in Polearms
  6221 | D:8      | Found Nockom's Assorted Antiques.
  6224 | D:8      | Bought a scroll of identify for 60 gold pieces
  6319 | D:8      | Noticed Ijustatesigmund's ghost (novice DECj)
  6334 | D:8      | Found a transporter.
  6337 | D:8      | Found a transporter.
  6450 | D:8      | Found a hazy altar of Hepliaklqana.
  6451 | D:8      | Found a hide-covered altar of Uskayaw.
  6589 | D:8      | Found a staircase to the Lair.
  7161 | D:9      | Noticed a troll
  7169 | D:9      | Killed a troll
  7170 | D:9      | Reached XP level 10. HP: 82/82 MP: 13/13
  7516 | D:9      | Found a runed translucent gate.
  7516 | D:9      | Found a runed translucent gate.
  7516 | D:9      | Found a runed translucent gate.
  7516 | D:9      | Noticed raetorn's ghost (novice OpHW)
  7517 | D:9      | Noticed destino's ghost (novice KoEn)
  7620 | D:9      | Reached skill level 1 in Armour
  8071 | Lair:1   | Entered Level 1 of the Lair of Beasts
  8106 | Lair:1   | Noticed a cane toad
  8112 | Lair:1   | Noticed a cane toad
  8120 | D:8      | Reached skill level 5 in Invocations
  8134 | D:8      | Killed a cane toad
  8143 | Lair:1   | Killed a cane toad
  8143 | Lair:1   | Reached **** piety under Makhleb
  8207 | Lair:1   | Gained mutation: Spells you cast may paralyse nearby
                  | enemies. [demonic ancestry]
  8207 | Lair:1   | Reached XP level 11. HP: 76/89 MP: 15/15
  8610 | Lair:1   | Noticed a six-headed hydra
  8616 | Lair:1   | Killed a six-headed hydra
  8633 | Lair:1   | Reached skill level 5 in Dodging
  8696 | Lair:1   | Noticed an eight-headed hydra
  8702 | Lair:1   | Killed an eight-headed hydra
  8757 | Lair:1   | Noticed an eight-headed hydra
  8765 | Lair:1   | Killed an eight-headed hydra
  8927 | Lair:2   | Identified the +4 ring mail of Chimes {rC+ Dex+3 Stlth+}
  8959 | Lair:2   | Noticed a seven-headed hydra
  8984 | Lair:2   | Killed a seven-headed hydra
  8985 | Lair:2   | Reached skill level 10 in Fighting
  8994 | Lair:2   | Found a staircase to the Shoals.
  9044 | Lair:2   | Noticed an eight-headed hydra
  9052 | Lair:2   | Killed an eight-headed hydra
  9133 | Lair:2   | Noticed a six-headed hydra
  9144 | Lair:2   | Killed a six-headed hydra
  9145 | Lair:2   | Reached XP level 12. HP: 97/97 MP: 16/18
  9200 | Lair:2   | Noticed a seven-headed hydra
  9210 | Lair:2   | Killed a seven-headed hydra
  9211 | Lair:2   | Reached skill level 5 in Armour
  9223 | Lair:2   | Noticed a six-headed hydra
  9232 | Lair:2   | Killed a six-headed hydra
  9943 | Lair:3   | Reached ***** piety under Makhleb
 10203 | Lair:3   | Found a hole to the Spider Nest.
 10580 | Lair:4   | Noticed a four-headed hydra
 10587 | Lair:4   | Killed a four-headed hydra
 10774 | Lair:4   | Found a staircase to the Slime Pits.
 10774 | Lair:4   | Found a viscous altar of Jiyva.
 11284 | Lair:5   | Entered Level 5 of the Lair of Beasts
 11305 | Lair:5   | Noticed a seven-headed hydra
 11318 | Lair:5   | Killed a seven-headed hydra
 11340 | Lair:5   | Gained mutation: Spells you cast and wands you use may
                  | paralyse nearby enemies. [demonic ancestry]
 11340 | Lair:5   | Reached XP level 13. HP: 79/106 MP: 20/20
 11486 | Lair:5   | Reached skill level 10 in Invocations
 11622 | Lair:5   | Reached skill level 1 in Shields
 12212 | Lair:5   | Found the +4 Cigotuvi's embrace {rMiasma Drain rN+}
 12235 | Lair:5   | Got the Spellbook of the Crushed Brambles
 12602 | D:10     | Entered Level 10 of the Dungeon
 13301 | D:11     | Found a staircase to the Orcish Mines.
 13333 | D:11     | Found a frozen archway.
 13348 | IceCv    | Entered an ice cave
 13705 | IceCv    | Reached skill level 5 in Shields
 13864 | IceCv    | Noticed a quicksilver ooze
 13898 | IceCv    | Killed a quicksilver ooze
 13969 | IceCv    | Found a viscous altar of Jiyva.
 13969 | IceCv    | Noticed an azure jelly
 13995 | IceCv    | Killed an azure jelly
 14020 | IceCv    | Gained mutation: You have sharp fingernails. [demonic
                  | ancestry]
 14020 | IceCv    | Reached XP level 14. HP: 91/114 MP: 21/21
 14062 | IceCv    | Got the +1 sling of Xiankint {freeze, rElec Int-4 Dex+4}
 14064 | IceCv    | Identified the amulet "Nepnoseare" {Acrobat rElec MP+9}
 14300 | D:11     | Noticed Erolcha
 14309 | D:11     | Killed Erolcha
 14504 | D:11     | Noticed Gastronok
 14523 | D:11     | Killed Gastronok
 14669 | D:11     | Noticed Sonja
 14672 | D:11     | Killed Sonja
 14867 | Orc:1    | Entered Level 1 of the Orcish Mines
 14926 | Orc:1    | Noticed Honoiw's ghost (journeyman MfGl)
 14949 | Orc:1    | Found a runed translucent door.
 14977 | Orc:1    | Found Ritsan's Weapon Emporium.
 15391 | Orc:2    | Entered Level 2 of the Orcish Mines
 15401 | Orc:2    | Found a gate leading to a gauntlet.
 15418 | Gauntlet | Entered a Gauntlet
 15418 | Gauntlet | Found a runed translucent door.
 15418 | Gauntlet | Found a transporter.
 15418 | Gauntlet | Found a runed translucent door.
 15418 | Gauntlet | Found a transporter.
 15444 | Gauntlet | Found a transporter.
 15448 | Gauntlet | Found a transporter.
 15456 | Gauntlet | Found a transporter.
 15460 | Gauntlet | Found a transporter.
 15477 | Gauntlet | Found a transporter.
 15484 | Gauntlet | Found a transporter.
 15499 | Gauntlet | Found a transporter.
 15502 | Gauntlet | Found a transporter.
 15510 | Gauntlet | Found a transporter.
 15514 | Gauntlet | Found a transporter.
 15644 | Gauntlet | Reached ****** piety under Makhleb
 15757 | Gauntlet | Found the amulet of the Four Winds {rN+ Will+++ Clar}
 15780 | Gauntlet | Identified the ring "Vycitwyv" {Ice rN+ Int+3}
 15886 | Orc:2    | Noticed Josephine
 15896 | Orc:2    | Killed Josephine
 15900 | Orc:2    | Reached skill level 5 in Evocations
 16598 | Orc:2    | Found a staircase to the Elven Halls.
 16982 | Orc:2    | Found Imairy's Magic Scroll Boutique.
 16984 | Orc:2    | Found Urphyceu's General Store.
 17191 | Orc:2    | Bought a scroll of blinking for 97 gold pieces
 17191 | Orc:2    | Bought a scroll of identify for 26 gold pieces
 17191 | Orc:2    | Bought a scroll of teleportation for 39 gold pieces
 17191 | Orc:2    | Bought a scroll of summoning for 123 gold pieces
 17191 | Orc:2    | Bought a scroll of teleportation for 39 gold pieces
 17197 | Orc:2    | Bought a phantom mirror for 600 gold pieces
 17615 | Orc:2    | Found Womosadd's Antique Armour Shoppe.
 17615 | Orc:2    | Found Hyllooh's Book Emporium.
 17616 | Orc:2    | Found a one-way gate leading to the halls of Pandemonium.
 17618 | Orc:2    | Bought a shiny buckler for 247 gold pieces
 17974 | D:12     | Reached XP level 15. HP: 109/122 MP: 22/22
 20044 | D:14     | Found Gozag's Platinum Reserve.
 20046 | D:14     | Found an opulent altar of Gozag.
 20685 | D:14     | Found a gate to the Vaults.
 21356 | D:14     | Reached skill level 10 in Shields
 21518 | D:15     | Entered Level 15 of the Dungeon
 22049 | D:15     | Noticed Azrael
 22068 | D:15     | Killed Azrael
 22353 | D:15     | Found a staircase to the Depths.
 22377 | D:15     | Identified Roxanne's Spellbook of Transformation
 22377 | D:15     | Noticed Roxanne
 22420 | D:15     | Killed Roxanne
 22738 | D:15     | Reached XP level 16. HP: 133/133 MP: 24/24
 23192 | Spider:1 | Entered Level 1 of the Spider Nest
 23789 | Spider:1 | Gained mutation: You have very sharp fingernails. [demonic
                  | ancestry]
 23789 | Spider:1 | Reached XP level 17. HP: 139/139 MP: 24/26
 23885 | Spider:1 | Reached skill level 10 in Armour
 23904 | Spider:1 | Noticed Mlioglotl
 23911 | Spider:1 | Reached skill level 10 in Dodging
 23919 | Spider:1 | Killed Mlioglotl
 25253 | Spider:1 | Demolished by a wolf spider simulacrum

Illustrated notes

Levels and vault maps discovered:
D:1:      minmay_arrival_three_doors, layout_rooms,
          dilly_ecumenical_altar_fadedgnrine, dk_noncrumbling_3,
          chequers_decorated_corner
D:2:      minmay_door_path, layout_loops_ring, nicolae_kite_square_tiling_tiny,
          dreamdust_mushroom_princess, uniq_natasha
D:3:      layout_basic, uniq_sigmund, uniq_grinder
D:4:      layout_cave_pools, bloody_makhleb, dk_rats_in_the_wall
D:5:      layout_cave_pools, serial_shops, nicolae_shop_statue_plus,
          kennysheep_generic_room_2
D:6:      layout_loops_ring, lemuel_doored_altar, lemuel_coloured_pillars_altar,
          kennysheep_mini, minmay_temple_entry_gardened_gates, uniq_menkaure,
          uniq_eustachio
D:7:      layout_cave_pods, gammafunk_ghost_grave, minmay_ruffians
D:8:      layout_basic, chequers_temple_overflow_statue_of_worship,
          lair_entry_dummy, nzn_ghost_randoct, serial_shops, shop
D:9:      layout_stronghold, gammafunk_ghost_cemetery
D:10:     layout_basic, serial_corexii_hall, corexii_hall_statues_x,
          corexii_hall_statues_l
D:11:     layout_roguey, orc_0_dummy, portal_ice_cave_rime, uniq_erolcha,
          uniq_sonja, uniq_gastronok
D:12:     layout_cave_pods
D:13:     layout_roguey
D:14:     layout_rooms, erik_vaults_2, nicolae_gozag_zags_fifth_avenue
D:15:     hangedman_depths_entry_civil_slaughter, layout_irregular_city,
          reono_crystal_passage, eino_house_with_fridge, uniq_roxanne,
          uniq_azrael
Lair:1:   layout_hall_layers
Lair:2:   layout_chaotic_city, minmay_shoals_entry_lonely_mermaid,
          chequers_serial_rivers_marsh
Lair:3:   minmay_lair_oklob_tunnel, layout_chaotic_city,
          spider_nest_entry_rubble, ldierk_geyser, infiniplex_staircase_pool_2,
          lemuel_fruit_tree, grunt_megastairs_1, serial_bayou_shore_b,
          lemuel_fruit_fields
Lair:4:   layout_loops_ring, slime_entry_1, st_stairs_11
Lair:5:   gammafunk_lair_ancient_temple, layout_loops_ring
Spider:1: layout_spider_delve, uniq_mlioglotl
Spider:2: layout_chambers, gammafunk_ghost_mausoleum
Orc:1:    layout_caves, serial_shops, shop, hellmonk_ghost_happy_afterlife
Orc:2:    pf_orc_diabolical, layout_diamond_mine, gauntlet_entry_generic,
          bh_open_orc_temple, uniq_josephine

Skill      XL: |  1  2  3  4  5  6  7  8  9 10 11 12 13 14 15 16 17 |
---------------+----------------------------------------------------+-----
Stealth        | 2 3 |  3.0
Polearms       | 3 4 5 7 8 10 11 12 13 14 | 14.0
Evocations     | 2 4 5 |  5.0
Fighting       | 4 5 6 8 9 10 11 12 14 | 14.6
Invocations    | 3 4 5 8 9 10 11 12 | 12.3
Dodging        | 4 5 6 7 9 10 | 10.1
Armour         | 3 4 6 7 9 10 | 10.1
Shields        | 5 8 11 | 11.9

Action                   |  1- 3 |  4- 6 |  7- 9 | 10-12 | 13-15 | 16-18 || total
-------------------------+-------+-------+-------+-------+-------+-------++-------
Melee: Spear             |    92 |    72 |     3 |       |       |       ||   167
       Halberd           |       |    49 |    50 |       |       |       ||    99
       Demon trident     |       |       |   148 |   377 |  1370 |   215 ||  2110
       Punch             |       |       |     4 |     5 |     3 |       ||    12
Throw: Stone             |     3 |       |       |       |       |       ||     3
       Dart              |       |       |       |       |       |     1 ||     1
Invok: Lesser Servant of |       |       |       |     5 |    19 |       ||    24
       Minor Destruction |       |       |       |    29 |    48 |     4 ||    81
       Major Destruction |       |       |       |     1 |     2 |       ||     3
       Greater Servant o |       |       |       |       |       |     2 ||     2
Evoke: Wand              |       |     9 |     6 |    49 |    15 |     1 ||    80
  Use: Scroll            |     2 |     8 |     6 |     5 |    20 |     2 ||    43
       Potion            |     2 |       |     4 |     2 |    11 |     2 ||    21
 Stab: Distracted        |     1 |       |       |     1 |     7 |       ||     9
       Sleeping          |     1 |     2 |    13 |    11 |    17 |     1 ||    45
       Invisible         |       |       |     2 |       |    11 |       ||    13
       Paralysed         |       |       |       |       |     8 |       ||     8
Armor: Robe              |    11 |    17 |       |       |       |       ||    28
       Scale mail        |       |    52 |     4 |       |       |       ||    56
       Ring mail         |       |       |    25 |   106 |   179 |       ||   310
       Fire dragon scale |       |       |       |       |    55 |     3 ||    58
       Plate armour      |       |       |       |       |       |   111 ||   111
Dodge: Dodged            |    44 |    86 |    56 |   130 |   297 |    47 ||   660
Block: Kite shield       |       |       |       |       |   330 |   104 ||   434
